 Dungeon Crawl Stone Soup version 0.29.0-11-gd7f09526c8 (webtiles) character file.

Game seed: 544404260554924772

1178 browni3141 the Skirmisher (level 8, -3/37 HPs)
             Began as a Spriggan Transmuter on Sept 5, 2022.
             Constricted to death by Ijyb (5 damage)
             ... on level 4 of the Dungeon.
             The game lasted 00:13:46 (6309 turns).

browni3141 the Skirmisher (Spriggan Transmuter)     Turns: 6309, Time: 00:13:47

Health: -3/37      AC:  3    Str:  6    XL:     8   Next: 18%
Magic:  13/13      EV: 14    Int: 21    God:
Gold:   213        SH:  7    Dex: 18    Spells: 11/12 levels left

rFire   . . .      SeeInvis +   a - +0 sling (freeze)
rCold   . . .      Faith    .   o - +1 buckler of Indemnity {Int+7}
rNeg    . . .      Spirit   .   i - +0 robe
rPois   .          Reflect  .   (helmet restricted)
rElec   .          Harm     .   t - +0 cloak
rCorr   .          Rampage  .   (gloves unavailable)
Will    +....                   (boots unavailable)
Stlth   +++.......              (no amulet)
HPRegen 0.12/turn               Z - ring of wizardry
MPRegen 0.13/turn               (no ring)

@: grasped by roots, constricted, very quick
A: very small, no large weapons, unfitting armour, see invisible, speed 3
a: no special abilities


You were on level 4 of the Dungeon.
You visited 2 branches of the dungeon, and saw 7 of its levels.

You collected 213 gold pieces.


Innate Abilities, Weirdness & Mutations

You are very small and have problems with some larger weapons.
You are too small for most types of armour.
You have supernaturally acute eyesight. (SInv)
You cover ground extremely quickly. (Speed+++)


   Skills:
 - Level 1.0 Fighting
 * Level 8.3 Ranged Weapons
 - Level 3.0 Dodging
 - Level 5.0 Stealth
 * Level 2.2 Shields
 - Level 2.4 Unarmed Combat
 - Level 2.6 Spellcasting
 - Level 2.6 Transmutations


You had 11 spell levels left.
You knew the following spells:

 Your Spells              Type           Power      Damage    Failure   Level
e - Beastly Appendage     Tmut           28%        N/A       4%          1

Your spell library contained the following spells:

 Spells                   Type           Power      Damage    Failure   Level
 Wereblood                Tmut           14%        N/A       6%          2
 Freeze                   Ice            8%         1d3       12%         1
 Necrotise                Necr           8%         1d4       12%         1
 Slow                     Hex            8%         N/A       12%         1
 Scorch                   Fire           4%         2d5       16%         2
 Spider Form              Tmut/Pois      8%         N/A       19%         3
 Confusing Touch          Hex            2%         N/A       32%         3
 Frozen Ramparts          Ice            4%         1d1       32%         3
 Vampiric Draining        Necr           2%         2d6       32%         3
 Ice Form                 Ice/Tmut       8%         N/A       52%         4
 Flame Wave               Conj/Fire      2%         2d4       69%         4
 Hailstorm                Conj/Ice       2%         3d3       69%         4
 Agony                    Necr           2%         N/A       95%         5
 Summon Cactus Giant      Summ           1%         N/A       100%        6

Inventory:

Hand Weapons
 a - a +0 sling of freezing (weapon)
Armour
 i - a +0 robe (worn)
 o - the +1 buckler of Indemnity (worn) {Int+7}
   (You found it on level 5 of the Dungeon)

   Int:       It affects your intelligence (+7).
 t - a +0 cloak (worn)
Magical Staves
 f - a staff of poison {@f3}
Jewellery
 C - a ring of ice
 Z - a ring of wizardry (left hand)
Scrolls
 c - 4 scrolls of identify {unknown}
 d - a scroll of teleportation {unknown}
 h - 2 scrolls of enchant weapon {unknown}
 k - a scroll of immolation {unknown}
 m - 2 scrolls of vulnerability {unknown}
 p - a scroll of magic mapping {unknown}
 q - a scroll of amnesia {unknown}
 s - a scroll of fog {unknown}
Potions
 b - 3 potions of lignification {!q}
 e - 2 potions of haste {unknown}
 g - a potion of invisibility {unknown}
 j - 2 potions of resistance {unknown}
 l - 2 potions of brilliance {unknown}
 n - a potion of attraction {unknown}
 r - a potion of flight {unknown}

Dungeon Overview and Level Annotations

Branches:
Dungeon (6/15)             Temple (1/1) D:5

Altars:
Hepliaklqana
Makhleb
Nemelex Xobeh
Okawaru
Qazlal
Ru
Sif Muna
Trog
Uskayaw
Vehumet
Xom
Zin

Shops:
D:1 [:(

Annotations:
D:4 Ijyb
D:6 1 runed translucent door, rumses's ghost, novice HOFi

#. #.## ..#
#.# #.#
#.##########
#.g#........
##.#........
#.##.@........
#....>........
#..##....#####
#.. #...## ...
...... ..##
........ .#
..........
#..........
...........


You could see Ijyb.


Message History

Fire: a) +0 sling (freeze)
Press: ? - help, Q - select action, (/) - cycle Shift-Dir - straight line, f/p - Ijyb
Aim: Ijyb, wielding a +0 dagger, wearing a +0 leather armour and carrying a wand of roots (4) (almost dead, 56% to hit)
You shoot a sling bullet. The sling bullet barely misses Ijyb.
Ijyb hits you with a +0 dagger.
* * * LOW HITPOINT WARNING * * *
The grasping roots constrict you.
* * * LOW HITPOINT WARNING * * *
The grasping roots release their grip on you.
Fire: a) +0 sling (freeze)
Press: ? - help, Q - select action, (/) - cycle Shift-Dir - straight line, f/p - Ijyb
Aim: Ijyb, wielding a +0 dagger, wearing a +0 leather armour and carrying a wand of roots (4) (almost dead, 56% to hit)
You shoot a sling bullet.
The sling bullet hits Ijyb but does no damage.
Ijyb is almost dead.
Ijyb hits you with a +0 dagger.
* * * LOW HITPOINT WARNING * * *
Fire: a) +0 sling (freeze)
Press: ? - help, Q - select action, (/) - cycle Shift-Dir - straight line, f/p - Ijyb
Aim: Ijyb, wielding a +0 dagger, wearing a +0 leather armour and carrying a wand of roots (4) (almost dead, 56% to hit)
You shoot a sling bullet. The sling bullet barely misses Ijyb.
Ijyb hits you with a +0 dagger.
* * * LOW HITPOINT WARNING * * *
Press: ? - help, v - describe, . - travel
Here: Ijyb, wielding a +0 dagger, wearing a +0 leather armour and carrying a wand of roots (4) (almost dead)
A stone staircase leading up.
Ijyb zaps a wand.
The roots erupt in riotous growth!
The grasping roots grab you! The grasping roots constrict you.
You die...

Skill      XL: |  1  2  3  4  5  6  7  8 |
---------------+-------------------------+-----
Fighting       | 1 |  1.0
Stealth        | 2 4 5 |  5.0
Dodging        | 3 |  3.0
Ranged Weapons | 1 3 4 6 8 |  8.3
Shields        | 1 2 |  2.2
Unarmed Combat | |  2.4
Spellcasting   | |  2.6
Transmutations | |  2.6

Action                   |  1- 3 |  4- 6 |  7- 9 || total
-------------------------+-------+-------+-------++-------
Melee: Unarmed           |   131 |    33 |       ||   164
       Kick              |    39 |    12 |       ||    51
       Headbutt          |    13 |     9 |       ||    22
       Punch             |     4 |     3 |       ||     7
 Fire: Sling             |    18 |   178 |   244 ||   440
 Cast: Beastly Appendage |    28 |     6 |       ||    34
 Stab: Sleeping          |     5 |     1 |       ||     6
Armor: Robe              |    16 |    13 |     6 ||    35
Dodge: Dodged            |   115 |    89 |    61 ||   265
Block: Buckler           |       |       |     9 ||     9

Levels and vault maps discovered:
D:1:      psy_arrival_basics, layout_basic, serial_shops, shop, shop,
          nicolae_shop_waterfront
D:2:      minmay_angry_zag, layout_basic, basic_altar, uniq_jessica
D:3:      wander_river, layout_rooms, kennysheep_okawaru_gauntlet,
          lemuel_coloured_pillars_altar, ebering_ecumenical_altar_webs
D:4:      layout_rooms, cheibrodos_worm_habitat, uniq_ijyb,
          uniq_crazy_yiuf_cottage
D:5:      layout_loops_ring, general_overflow_altar,
          worldfamousw_hep_ancestral_shrine, minmay_temple_entry_proselytizer,
          nicolae_concentric_dashed_squares_wild, kennysheep_generic_room_10
D:6:      layout_basic, mainiacjoe_overflow_catch_the_wave,
          gammafunk_ghost_grave, minmay_liquid_box, hangedman_decor_peaks_small
Temple:   hellmonk_temple_beads

Notes
Turn   | Place    | Note
-------+----------+-------------------------------------------
     0 | D:1      | browni3141 the Spriggan Transmuter began the quest for the
                  | Orb.
     0 | D:1      | Reached XP level 1. HP: 9/9 MP: 5/5
    35 | D:1      | Reached skill level 1 in Fighting
    66 | D:1      | Reached skill level 1 in Stealth
   114 | D:1      | Reached skill level 2 in Stealth
   164 | D:1      | Found Woum's Book Shop.
   242 | D:1      | Reached XP level 2. HP: 7/14 MP: 4/6
   459 | D:1      | Reached skill level 3 in Stealth
   480 | D:1      | Found Teur's Antique Weapon Boutique.
   669 | D:1      | Found Yfewytiuf's Armour Shoppe.
   694 | D:1      | Reached skill level 3 in Dodging
  1211 | D:2      | Noticed Jessica
  1484 | D:2      | Reached skill level 4 in Stealth
  1484 | D:2      | Reached XP level 3. HP: 9/18 MP: 6/8
  1954 | D:2      | Found a glowing silver altar of Zin.
  2216 | D:2      | Reached skill level 5 in Stealth
  2257 | D:2      | Reached skill level 1 in Ranged Weapons
  2478 | D:2      | Reached XP level 4. HP: 22/22 MP: 7/9
  2891 | D:3      | Reached skill level 2 in Ranged Weapons
  3092 | D:3      | Reached skill level 3 in Ranged Weapons
  3101 | D:3      | Reached XP level 5. HP: 14/25 MP: 10/10
  3264 | D:3      | You fall into a shaft and drop 3 floors!
  3274 | D:6      | Found a burning altar of Makhleb.
  3278 | D:6      | Found a sparkling altar of Nemelex Xobeh.
  3308 | D:6      | Noticed a centaur
  3392 | D:6      | Noticed an ice beast
  3418 | D:6      | Noticed rumses's ghost (novice HOFi)
  3419 | D:6      | Found a runed translucent door.
  3447 | D:6      | Killed an ice beast
  3448 | D:6      | Reached skill level 4 in Ranged Weapons
  3478 | D:6      | Reached XP level 6. HP: 26/30 MP: 11/11
  3485 | D:5      | Entered Level 5 of the Dungeon
  3515 | D:5      | Reached skill level 5 in Ranged Weapons
  3674 | D:6      | Reached skill level 6 in Ranged Weapons
  3902 | D:5      | Reached XP level 7. HP: 8/33 MP: 12/12
  4664 | D:5      | Reached skill level 7 in Ranged Weapons
  4768 | D:5      | Found a stormy altar of Qazlal.
  4783 | D:5      | Identified the +1 buckler of Indemnity {Int+7}
  5018 | D:5      | Reached skill level 1 in Shields
  5072 | D:5      | Reached skill level 8 in Ranged Weapons
  5140 | D:5      | Reached XP level 8. HP: 29/37 MP: 13/13
  5240 | D:5      | Reached skill level 2 in Shields
  5306 | D:5      | Found a hazy altar of Hepliaklqana.
  5371 | D:5      | Found a staircase to the Ecumenical Temple.
  5399 | Temple   | Entered the Ecumenical Temple
  5585 | D:4      | Noticed Ijyb
  5843 | D:3      | Found a faded altar of an unknown god.
  5970 | D:3      | Found an iron altar of Okawaru.
  6026 | D:3      | Found a shimmering blue altar of Sif Muna.
  6243 | D:2      | Killed Jessica
  6308 | D:4      | HP: 2/37 [Ijyb/+0 dagger (2)]
  6309 | D:4      | Constricted to death by Ijyb

Vanquished Creatures
  An ice beast (D:6)
  2 ogres (D:5)
  2 phantoms
  2 necrophages
  2 scorpions (D:5)
  2 howler monkeys (D:5)
  An orc priest (D:5)
  2 hounds
  A jelly (D:5)
  Jessica (D:2)
  4 iguanas
  An orc wizard (D:3)
  8 adders
  A shadow imp (D:5)
  2 ufetubi
  3 dart slugs
  5 orcs
  7 bats
  9 endoplasms
  2 giant cockroaches
  8 goblins
  3 hobgoblins
  10 jackals
  6 kobolds
  4 quokkas
  7 ball pythons
  5 frilled lizards
  4 rats
105 creatures vanquished.

Table legend: (Time is in decaauts)
 A = Elapsed time spent in this place.
 B = Non-inter-level travel time spent in this place.
 C = Inter-level travel time spent in this place.
 D = Time resting spent in this place.
 E = Time spent auto-exploring this place.
 F = Levels seen in this place.
 G = Mean time per level.
                   A        B        C        D        E       F      G
               +--------+--------+--------+--------+--------+-----+--------+
         Total |   5069 |   4895 |    174 |    396 |   3126 |   7 |  724.1 |
       Dungeon |   4967 |   4835 |    132 |    396 |   3071 |   6 |  827.8 |
        Temple |    102 |     60 |     42 |      0 |     54 |   1 |  102.0 |
               +--------+--------+--------+--------+--------+-----+--------+

Top non-repeatable levels by time:
     D:5: 1362 daAuts
     D:1: 1200 daAuts
     D:2: 1037 daAuts
     D:3: 897 daAuts
     D:6: 423 daAuts
  Temple: 102 daAuts
     D:4: 45 daAuts

Table legend:
 A = Non-vault XP
 B = Vault XP
 C = Vault XP percentage of total XP
 D = Non-vault monster count
 E = Vault monster count
 F = Vault count percentage of total count
                 A         B        C        D         E       F
            +---------+---------+-------+---------+---------+-------
      Total |    1568 |     115 |   6.8 |      94 |      11 |  10.5
            +---------+---------+-------+---------+---------+-------
        D:1 |      35 |       0 |   0.0 |      21 |       0 |   0.0
        D:2 |      51 |      59 |  53.6 |      23 |       7 |  23.3
        D:3 |     135 |       4 |   2.9 |      26 |       2 |   7.1
        D:4 |       4 |       0 |   0.0 |       2 |       0 |   0.0
        D:5 |     931 |      52 |   5.3 |      16 |       2 |  11.1
        D:6 |     412 |       0 |   0.0 |       6 |       0 |   0.0
            +---------+---------+-------+---------+---------+-------
